 Dungeon Crawl Stone Soup version 0.31-a0-108-gdf935468f2 (webtiles) character file.

Game seed: 12441746862747440749

1161 Jzorn the Basher (level 8, -3/62 HPs)
             Began as a Human Monk on May 27, 2023.
             Was a Priest of Kikubaaqudgha.
             Slain by a yak (4 damage)
             ... on level 5 of the Dungeon.
             The game lasted 01:14:56 (4254 turns).

Jzorn the Basher (Human Monk)                       Turns: 4254, Time: 01:14:59

Health: -3/62      AC: 16    Str: 14    XL:     8   Next: 67%
Magic:  8/8        EV: 13    Int: 11    God:    Kikubaaqudgha [***...]
Gold:   237        SH:  0    Dex: 15    Spells: 7/7 levels left

rFire   . . .        q - +0 flail (protect)
rCold   . . .        d - orb {light}
rNeg    . . .        z - +0 chain mail
rPois   .            (no helmet)
rElec   .            p - +0 cloak
rCorr   .            (no gloves)
SInv    .            (no boots)
Will    .....        (no amulet) Stlth
                     i - +5 ring of evasion
HPRegen 0.30/turn    (no ring)
MPRegen 0.11/turn

%: no passive effects
@: under a protective aura, on berserk cooldown, slowed, glowing, very slow
A: no striking features
a: Renounce Religion, Unearth Wretches


You were on level 5 of the Dungeon.
You worshipped Kikubaaqudgha.
Kikubaaqudgha was most pleased with you.
You visited 1 branch of the dungeon, and saw 5 of its levels.

You collected 237 gold pieces.

Inventory:

Hand Weapons
 a - a +0 mace
 f - a +0 giant spiked club
 g - a +0 sling
 k - a +0 whip
 n - a +1 heavy flail
 q - a +0 flail of protection (weapon)
 x - a +0 battleaxe
 A - a +0 war axe
 B - a +0 spear
 C - a +0 trident
Armour
 b - a +0 robe
 d - an orb of light (worn)
 l - an orb of guile
 p - a +0 cloak (worn)
 r - a +0 chain mail
 v - a +0 scale mail of cold resistance
 w - a +0 scale mail
 z - a +0 chain mail (worn)
Jewellery
 i - a +5 ring of evasion (left hand)
Wands
 y - a wand of polymorph (2)
Scrolls
 m - 3 scrolls of teleportation
 s - a scroll of poison {unknown}
 t - 2 scrolls of identify
Potions
 c - 2 potions of ambrosia
 j - 2 potions of enlightenment
 o - 2 potions of resistance {unknown}
 u - a potion of attraction {unknown}


   Skills:
 + Level 5.0 Fighting
 + Level 8.0 Maces & Flails
 + Level 2.3 Throwing
 + Level 2.3 Armour
 + Level 4.1 Dodging
 + Level 0.4 Stealth


You had 7 spell levels left.
You didn't know any spells.
Your spell library contained the following spells:

 Spells                   Type           Power      Damage    Failure   Level
 Apportation              Tloc           0%         N/A       99%         1
 Necrotise                Necr           0%         1d4       99%         1
 Summon Small Mammal      Summ           0%         N/A       99%         1
 Cigotuvi's Dreadful Rot  Necr/Pois/Air  0%         N/A       100%        2
 Vampiric Draining        Necr           0%         2d6       100%        3
 Anguish                  Hex/Necr       0%         N/A       100%        4
 Animate Dead             Necr           0%         N/A       100%        4
 Dispel Undead            Necr           0%         3d6       100%        4
 Borgnjor's Vile Clutch   Necr/Erth      0%         N/A       100%        5
 Death Channel            Necr           0%         N/A       100%        6


Dungeon Overview and Level Annotations

Branches:
Dungeon (5/15)
 Temple: D:4-7

Altars:
Kikubaaqudgha


Message History

The yak gores you!
* * * LOW HITPOINT WARNING * * *
You sock the yak!
You kill the yak!
Kikubaaqudgha accepts your kill.
You sock the yak!
The yak is moderately wounded.
You sock the yak!
The yak is severely wounded.
The yak gores you but does no damage.
You sock the yak!
The yak is almost dead.
The yak gores you!
* * * LOW HITPOINT WARNING * * *
You hit the yak.
You kill the yak!
Kikubaaqudgha accepts your kill.
Your Fighting skill increases to level 5!
Your Maces & Flails skill increases to level 8!
Items here: ))) [[ †.
You feel a strong urge to attack something.
You are no longer berserk.
You are exhausted.
You feel yourself slow down. The yak gores you.
* * * LOW HITPOINT WARNING * * *
You hit the yak but do no damage.
Your weapon exudes an aura of protection.
The yak gores you.
* * * LOW HITPOINT WARNING * * *
You hit the yak but do no damage. The yak gores you.
* * * LOW HITPOINT WARNING * * *
The yak closely misses you.
You hit the yak.
The yak is lightly wounded.
The yak gores you!
* * * LOW HITPOINT WARNING * * *
The yak gores you.
You die...
Kikubaaqudgha rasps: "You have failed me!
Welcome... death!"

######.##.# ###############
#.##.#####.☼☼☼☼§§......
#........#.############
####.###.#°°..°○○.....○
#.).#.############## #####
###..#.<.....#####..
#...#######......#...Y)Y†Y.
#......)..Y#.....#########.
#...#.####@Y..##......<....
#...#..# #Y##...##........#
#...##.....####...........
#.... ..###. ...#........
#........ . ##..........
#...##...# .. .#........
#...# ...# .. .... #...# ..
### ....


You could see 3 yaks.

Vanquished Creatures
  3 yaks (D:5)
  Edmund (D:4)
  An ogre (D:4)
  A scorpion (D:4)
  2 howler monkeys
  A sleepcap (D:4)
  An orc wizard (D:5)
  12 gnolls (D:4)
  9 adders
  2 worms
  4 dart slugs
  3 orcs (D:5)
  3 endoplasms
  3 giant cockroaches
  33 goblins
  26 hobgoblins
  8 jackals
  9 kobolds
  A quokka (D:1)
  8 ball pythons
  7 bats
  4 frilled lizards
  5 rats
147 creatures vanquished.

Notes
Turn   | Place    | Note
-------+----------+-------------------------------------------
     0 | D:1      | Jzorn the Human Monk began the quest for the Orb.
     0 | D:1      | Reached XP level 1. HP: 18/18 MP: 1/1
   513 | D:1      | Reached XP level 2. HP: 12/24 MP: 2/2
   886 | D:1      | Reached XP level 3. HP: 29/29 MP: 3/3
  1150 | D:2      | Reached XP level 4. HP: 25/35 MP: 4/4
  1358 | D:2      | Reached skill level 1 in Throwing
  1701 | D:3      | Reached XP level 5. HP: 41/41 MP: 5/5
  1839 | D:3      | Reached skill level 4 in Maces & Flails
  2698 | D:4      | Reached XP level 6. HP: 47/47 MP: 6/6
  2735 | D:4      | Noticed Edmund
  2766 | D:4      | Killed Edmund
  2767 | D:4      | Reached skill level 5 in Maces & Flails
  2767 | D:4      | Reached skill level 1 in Armour
  2936 | D:4      | Reached XP level 7. HP: 53/53 MP: 7/7
  3073 | D:4      | Reached skill level 6 in Maces & Flails
  3176 | D:4      | Found an ancient bone altar of Kikubaaqudgha.
  3207 | D:4      | Became a worshipper of Kikubaaqudgha
  3207 | D:4      | Reached * piety under Kikubaaqudgha
  3207 | D:4      | Received a gift from Kikubaaqudgha
  3207 | D:4      | Reached ** piety under Kikubaaqudgha
  3679 | D:4      | Reached *** piety under Kikubaaqudgha
  3679 | D:4      | Received a gift from Kikubaaqudgha
  4012 | D:5      | Entered Level 5 of the Dungeon
  4169 | D:5      | Reached XP level 8. HP: 57/61 MP: 8/8
  4194 | D:5      | Noticed a yak
  4195 | D:5      | Noticed a yak
  4195 | D:5      | Noticed a yak
  4196 | D:5      | Noticed a yak
  4196 | D:5      | Noticed a yak
  4196 | D:5      | Noticed a yak
  4226 | D:5      | Killed a yak
  4227 | D:5      | Reached skill level 7 in Maces & Flails
  4234 | D:5      | Killed a yak
  4238 | D:5      | Killed a yak
  4239 | D:5      | Reached skill level 5 in Fighting
  4239 | D:5      | Reached skill level 8 in Maces & Flails
  4254 | D:5      | HP: 1/62 [yak (8)]
  4254 | D:5      | Slain by a yak

Illustrated notes

Levels and vault maps discovered:
D:1:      evilmike_arrival_crescent, layout_basic
D:2:      layout_basic
D:3:      layout_basic
D:4:      minmay_goblin_kobold_castle, layout_basic, kiku_gazebo_pond_becter,
          serial_glass, glass_columns_a, glass_columns_a, glass_columns_a,
          glass_columns_b, glass_columns_a, glass_columns_a, glass_columns_b,
          glass_columns_b, minmay_strange_pillars, due_unseen_surprise,
          item_on_display_b, uniq_edmund
D:5:      lemuel_ice_spiral_2, layout_rooms, nicolae_overflow_crystal_walls,
          serial_shops, shop, gammafunk_ghost_hive, minmay_ruined_shrine

Skill      XL: |  1  2  3  4  5  6  7  8 |
---------------+-------------------------+-----
Throwing       | 1 2 |  2.3
Maces & Flails | 4 5 6 8 |  8.0
Armour         | 1 2 |  2.3
Fighting       | 4 5 |  5.0
Dodging        | 4 |  4.1
Stealth        | |  0.4

Action                     |  1- 3 |  4- 6 |  7- 9 || total
---------------------------+-------+-------+-------++-------
  Melee: Mace              |    92 |    26 |       ||   118
         Flail             |       |   111 |   226 ||   337
  Throw: Dart              |    26 |    26 |     4 ||    56
    Use: Scroll            |     2 |     6 |       ||     8
         Potion            |       |       |     3 ||     3
 Armour: Robe              |    12 |     7 |       ||    19
         Chain mail        |       |    51 |   136 ||   187
  Dodge: Dodged            |    98 |   110 |   178 ||   386

Table legend: (Time is in decaauts)
 A = Elapsed time spent in this place.
 B = Non-inter-level travel time spent in this place.
 C = Inter-level travel time spent in this place.
 D = Time resting spent in this place.
 E = Time spent auto-exploring this place.
 F = Levels seen in this place.
 G = Mean time per level.
                   A        B        C        D        E       F      G
               +--------+--------+--------+--------+--------+-----+--------+
         Total |   4316 |   1731 |   2585 |      0 |      0 |   5 |  863.2 |
       Dungeon |   4316 |   1731 |   2585 |      0 |      0 |   5 |  863.2 |
               +--------+--------+--------+--------+--------+-----+--------+

Top non-repeatable levels by time:
     D:4: 1673 daAuts
     D:1: 947 daAuts
     D:3: 731 daAuts
     D:2: 716 daAuts
     D:5: 247 daAuts
